 Dungeon Crawl Stone Soup version 0.22-a0-448-g1fb7470 (webtiles) character file.

6267 iamserjio the Grappler (level 10, -2/100 HPs)
             Began as a Troll Chaos Knight on June 4, 2018.
             Shot with an arrow by a centaur (9 damage)
             ... on level 11 of the Dungeon.
             The game lasted 00:18:29 (6985 turns).

iamserjio the Grappler (Troll Chaos Knight)         Turns: 6985, Time: 00:18:30

Health: -2/100     AC:  8    Str: 20 (22) XL:     10   Next: 62%
Magic:  9/9        EV:  9    Int:  7 (9)  God:    Xom [......]
Gold:   698        SH:  9    Dex: 11      Spells: 9/9 levels left

rFire    . . .     SeeInvis .     - Unarmed
rCold    . . .     Gourm    +   G - +0 shield
rNeg     . . .     Faith    .   v - +1 troll leather armour {Purgy}
rPois    +         Spirit   .   (helmet restricted)
rElec    .         Reflect  .   K - +1 cloak {rPois}
rCorr    .         Harm     .   (gloves unavailable)
MR       .....                  (boots unavailable)
Stlth    ++........             w - amulet of rage
HPRegen  1.06/turn              B - ring of stealth
MPRegen  0.11/turn              y - +2 ring of slaying

@: very slightly contaminated, invisible
A: large, unfitting armour, claws 3, deformed body, deterioration 1, fast
metabolism 3, gourmand, regeneration 1, screaming 1, shaggy fur 1, tough skin 2
a: Renounce Religion, Evoke Berserk Rage


You were on level 11 of the Dungeon.
You worshipped Xom.
You were a very special plaything of Xom.
You were full.

You visited 1 branch of the dungeon, and saw 11 of its levels.
You also visited: Sewer.

You collected 698 gold pieces.

Inventory:

Hand Weapons
 m - a +0 dagger of distortion
 A - a +4 scimitar of flaming
 I - a +1 fustibalus of flaming
 J - a +0 morningstar
Missiles
 c - 5 large rocks
 l - 32 poisoned needles
 o - 6 needles of confusion
 E - 8 javelins (quivered)
 L - 49 stones
 N - 10 tomahawks
Armour
 v - a +1 troll leather armour (worn) {Purgy}
 G - a +0 shield (worn)
 K - a +1 cloak of poison resistance (worn)
Jewellery
 g - an uncursed ring of positive energy
 w - an amulet of rage (around neck)
 y - a +2 ring of slaying (right claw)
 B - a ring of stealth (left claw)
 P - an uncursed amulet of faith {unknown}
Wands
 q - a wand of acid (3)
 r - a wand of paralysis (40)
 D - a wand of random effects (34)
Scrolls
 d - 2 scrolls of noise
 h - 2 scrolls of remove curse
 i - a scroll of magic mapping
 j - a scroll of immolation
 M - a scroll of identify
Potions
 e - 3 potions of curing
 k - 4 potions of flight
 s - a potion of agility {unknown}
 t - a potion of might {unknown}
 u - 3 potions of berserk rage
 x - 2 potions of ambrosia {unknown}
 z - 2 potions of degeneration {unknown}
 F - a potion of heal wounds {unknown}
 H - 2 potions of brilliance
Miscellaneous
 O - a lamp of fire (inert)
Comestibles
 b - 17 rations


   Skills:
 + Level 6.8 Fighting
 + Level 4.5 Throwing
 - Level 3.1 Armour
 - Level 4.0 Dodging
 + Level 4.5 Shields
 + Level 10.9 Unarmed Combat


You had 9 spell levels left.
You didn't know any spells.
Your spell library contained the following spells:

 Spells                   Type           Power        Failure   Level  Hunger
 Apportation              Tloc           #.....       80%         1    ##.....
 Summon Small Mammal      Summ           #...         80%         1    ##.....
 Animate Skeleton         Necr           N/A          80%         1    ##.....
 Confusing Touch          Hex            #.....       80%         1    ##.....


Dungeon Overview and Level Annotations

Branches:
Dungeon (11/15)            Temple (0/1) D:4            Lair (0/6) D:10
    Orc (0/2) D:9

Altars:
Ashenzari
Dithmenos
Elyvilon
Fedhas
Gozag
Hepliaklqana
Kikubaaqudgha
Okawaru
Qazlal
Sif Muna
Trog
Vehumet
Wu Jian
Xom
Beogh

Annotations:
D:10 Urug
D:11 Erolcha


Innate Abilities, Weirdness & Mutations

You are too large for most types of armour.
You have claws for hands.
Your metabolism is lightning-fast.
You like to eat raw meat.
Your natural rate of healing is unusually fast.
You are covered in fur. (AC +1)
You have very tough skin. (AC +2)
Armour fits poorly on your strangely shaped body.
Your body sometimes deteriorates upon taking damage.
You occasionally shout uncontrollably at your foes.


Message History

Your body deteriorates!
You feel weakened.
Erolcha points at you and mumbles some strange words.
The bolt of cold hits you!
* * * LOW HITPOINT WARNING * * *
Your body deteriorates!
You feel weakened.
You see here an arrow.
Okay, then.
It was a potion of cancellation.
You feel magically purged.
The centaur shoots an arrow.
The arrow barely misses you.
Okay, then.
It was a potion of invisibility.
You fade into invisibility!
Xom roars with laughter!
The centaur shoots an arrow.
The arrow hits Erolcha!
Erolcha disappears!
The centaur shoots an arrow.
The arrow hits you but does no damage.
You are very lightly contaminated with residual magic.
The centaur shoots an arrow.
You see here an arrow.
The centaur shoots an arrow.
The arrow hits you!
You die...

#................#####
......................
..#...................
...............######
...............# ..
............# .
.........#########...
..........((.........
..........@(.c..#
.....................
####################


You could see a centaur.

Vanquished Creatures
  Erica (D:8)
  A two-headed ogre (D:11)
  Maurice (D:8)
  Psyche (D:8)
  2 hornets (D:11)
  A hippogriff (D:9)
  A spriggan (D:7)
  Grum (D:9)
  A hungry ghost (D:9)
  5 orc warriors
  Purgy (Sewer)
  An ice beast (D:9)
  A sky beast (D:7)
  3 ogres
  A centaur (shapeshifter) (D:9)
  3 centaurs
  A phantom (D:4)
  2 wolves (D:9)
  A crocodile (D:9)
  5 bullfrogs
  A wyvern zombie (D:6)
  3 scorpions
  A bullfrog zombie (D:7)
  2 crimson imps (D:5)
  2 jellies
  A quasit (D:6)
  5 orc priests
  3 hounds
  Crazy Yiuf (D:7)
  2 bullfrog skeletons (D:8)
  4 iguanas
  6 orc wizards
  6 worker ants
  Terence (D:2)
  2 hound zombies
  2 hound skeletons
  2 worker ant zombies
  A gnoll (D:7)
  A howler monkey skeleton (D:9)
  10 adders
  A river rat (D:4)
  A shadow imp (D:6)
  An adder skeleton (D:8)
  4 worms
  A dart slug (D:3)
  4 leopard geckos
  32 orcs
  4 ball pythons
  6 giant cockroaches
  6 goblins
  9 hobgoblins
  4 jackals
  2 quokkas
  13 bats
  5 frilled lizards
  A jackal skeleton (D:6)
  A jackal zombie (D:8)
  5 kobolds
  A leopard gecko zombie (D:5)
  A quokka skeleton (D:8)
  11 rats
203 creatures vanquished.

Notes
Turn   | Place    | Note
-------+----------+-------------------------------------------
     0 | D:1      | iamserjio the Troll Chaos Knight began the quest for the Orb.
     0 | D:1      | Reached XP level 1. HP: 22/22 MP: 0/0
    61 | D:1      | Reached XP level 2. HP: 25/29 MP: 1/1
   233 | D:1      | XOM: harmless Erth miscast
   375 | D:1      | XOM: divination: magic mapping
   391 | D:1      | You fall through a shaft!
   391 | D:2      | Found a shattered altar of Ashenzari.
   550 | D:2      | Reached XP level 3. HP: 36/36 MP: 2/2
   573 | D:2      | Noticed Terence
   578 | D:2      | Killed Terence
   578 | D:2      | Reached skill level 4 in Unarmed Combat
   770 | D:2      | XOM: cloud trail
   903 | D:2      | Reached XP level 4. HP: 41/44 MP: 3/3
   910 | D:2      | Found a white marble altar of Elyvilon.
  1435 | D:3      | Found a blossoming altar of Fedhas.
  1437 | D:3      | Found an opulent altar of Gozag.
  1438 | D:3      | Found an ancient bone altar of Kikubaaqudgha.
  1438 | D:3      | Found a shadowy altar of Dithmenos.
  1478 | D:3      | Found an ornate altar of the Wu Jian Council.
  1570 | D:3      | Noticed a centaur
  1571 | D:3      | XOM: confuse monster(s)
  1603 | D:4      | Found a staircase to the Ecumenical Temple.
  1604 | D:4      | Noticed a phantom
  1637 | D:4      | XOM: cast spell 'Call Canine Familiar'
  1645 | D:4      | Killed a phantom
  1645 | D:4      | Reached XP level 5. HP: 30/53 MP: 4/4
  1666 | D:4      | Found a glowing drain.
  1693 | Sewer    | Entered a sewer
  1731 | Sewer    | Noticed Purgy
  1734 | Sewer    | XOM: confuse monster(s)
  1745 | Sewer    | Killed Purgy
  1745 | Sewer    | Reached skill level 5 in Unarmed Combat
  1745 | Sewer    | Reached XP level 6. HP: 61/61 MP: 5/5
  2009 | D:4      | XOM: harmless Air miscast
  2199 | D:4      | Found a radiant altar of Vehumet.
  2307 | D:5      | Entered Level 5 of the Dungeon
  2337 | D:5      | Reached skill level 6 in Unarmed Combat
  2339 | D:5      | Reached XP level 7. HP: 68/68 MP: 6/6
  2389 | D:5      | Found a shadowy altar of Dithmenos.
  2741 | D:6      | Found a stormy altar of Qazlal.
  2766 | D:6      | XOM: divination: magic mapping
  3051 | D:6      | XOM: enchant monster (good)
  3067 | D:6      | Reached skill level 7 in Unarmed Combat
  3098 | D:6      | Reached skill level 1 in Throwing
  3099 | D:6      | XOM: smoke on damage
  3105 | D:6      | Reached skill level 1 in Armour
  3105 | D:6      | Reached XP level 8. HP: 68/79 MP: 7/7
  3195 | D:6      | Found a bloodstained altar of Trog.
  3645 | D:7      | Found an iron altar of Okawaru.
  3645 | D:7      | Found a bloodstained altar of Trog.
  3680 | D:7      | Found a runed door.
  3702 | D:7      | XOM: blink monster(s)
  3776 | D:7      | Noticed Crazy Yiuf
  3778 | D:7      | Killed Crazy Yiuf
  3917 | D:7      | XOM: give mutations
  3917 | D:7      | Gained mutation: Armour fits poorly on your strangely shaped body. [Xom's mischief]
  3917 | D:7      | Gained mutation: Your body sometimes deteriorates upon taking damage. [Xom's mischief]
  3917 | D:7      | Gained mutation: You occasionally shout uncontrollably at your foes. [Xom's mischief]
  3922 | D:7      | XOM: 1-stop teleportation journey
  4365 | D:7      | Reached skill level 5 in Fighting
  4365 | D:7      | Reached skill level 1 in Shields
  4365 | D:7      | Reached skill level 8 in Unarmed Combat
  4554 | D:8      | XOM: stealth player
  4855 | D:8      | Reached XP level 9. HP: 88/88 MP: 8/8
  5090 | D:8      | Found a blossoming altar of Fedhas.
  5175 | D:8      | Noticed Maurice
  5182 | D:8      | Killed Maurice
  5218 | D:8      | Noticed Psyche
  5225 | D:8      | Killed Psyche
  5376 | D:8      | Noticed Erica
  5384 | D:8      | XOM: scenery: create altars
  5388 | D:8      | Killed Erica
  5388 | D:8      | Reached skill level 9 in Unarmed Combat
  5399 | D:8      | XOM: scenery: create altars
  5503 | D:8      | XOM: god gift: runed fustibalus {god gift}
  5660 | D:9      | XOM: summons friendly quasit
  5661 | D:9      | Found a roughly hewn altar of Beogh.
  5661 | D:9      | Found a staircase to the Orcish Mines.
  5692 | D:9      | XOM: polymorph orc priest -> iguana
  5788 | D:9      | Reached XP level 10. HP: 98/98 MP: 9/9
  5876 | D:9      | Reached skill level 10 in Unarmed Combat
  5958 | D:9      | Noticed Grum
  5965 | D:9      | Killed Grum
  6047 | D:9      | XOM: cloud trail
  6513 | D:9      | Found a deep blue altar of Sif Muna.
  6513 | D:9      | Found a hazy altar of Hepliaklqana.
  6611 | D:10     | Entered Level 10 of the Dungeon
  6667 | D:10     | XOM: cloud trail
  6707 | D:10     | Noticed a two-headed ogre
  6708 | D:10     | XOM: 3-stop teleportation journey
  6709 | D:10     | Noticed Urug
  6709 | D:10     | XOM: stat loss: -1 Int (7/9)
  6714 | D:10     | Noticed a death yak
  6714 | D:10     | Noticed a death yak
  6715 | D:10     | Found a staircase to the Lair.
  6715 | D:10     | Noticed a death yak
  6834 | D:11     | Noticed a two-headed ogre
  6838 | D:11     | XOM: harmless Tmut miscast
  6852 | D:11     | Killed a two-headed ogre
  6976 | D:11     | XOM: chaos upgrade
  6977 | D:11     | Noticed Erolcha
  6980 | D:11     | HP: 2/100 [Erolcha/bolt of cold (25)]
  6985 | D:11     | Shot with an arrow by a centaur

Vault maps used:
D:1:      dpeg_arrival_fog
D:2:      nicolae_ashenzari_panopticon, minivault_27, elyvilon_altar_5,
          uniq_terence
D:3:      kennysheep_goblin_castle, lemuel_round_altar,
          chequers_temple_overflow_statue_of_worship, first_ration
D:4:      minmay_temple_entry_overgrown, portal_sewer_entry_a,
          vehumet_altar_wand_db
D:5:      grunt_dithmenos_smoke
D:6:      grunt_qazlal_sundering, trog_butcher_becter
D:7:      grunt_temple_overflow_bloody_war, the_bakery, palyth_stone_intersect,
          uniq_crazy_yiuf_cottage
D:8:      basic_altar, uniq_erica, uniq_maurice, uniq_psyche
D:9:      gammafunk_temple_overflow_wave, david_orc_5, serial_glass,
          glass_columns_a, glass_columns_a, uniq_grum
D:10:     dpeg_lair_monsters, small_chamber_with_monster,
          minmay_unpleasant_kobolds, uniq_urug
D:11:     roderic_lattice_a, uniq_snorg, uniq_erolcha, uniq_fannar
Sewer:    sewer_big_baddie

Skill      XL: |  1  2  3  4  5  6  7  8  9 10 |
---------------+-------------------------------+-----
Dodging        | 2 3 4 |  4.0
Unarmed Combat | 4 5 6 7 8 9 10 | 10.9
Fighting       | 3 4 5 6 |  6.8
Throwing       | 1 2 4 |  4.5
Armour         | 1 2 3 |  3.1
Shields        | 1 3 4 |  4.5

Action                   |  1- 3 |  4- 6 |  7- 9 | 10-12 || total
-------------------------+-------+-------+-------+-------++-------
Melee: Unarmed           |   104 |   131 |   282 |   125 ||   642
       Punch             |     3 |     2 |     1 |       ||     6
Evoke: Wand              |       |     1 |       |     2 ||     3
       Lamp of fire      |       |       |       |     1 ||     1
  Use: Scroll            |       |     3 |     5 |     8 ||    16
       Potion            |       |       |       |     4 ||     4
 Stab: Sleeping          |     1 |       |     9 |       ||    10
  Eat: Chunk             |    12 |     6 |    41 |    22 ||    81
Armor: Robe              |    46 |    41 |       |       ||    87
       Troll leather arm |       |     9 |    82 |    37 ||   128
Dodge: Dodged            |    57 |    77 |   108 |    44 ||   286
Block: Shield            |       |       |    55 |    66 ||   121

Table legend:
 A = Spawn XP
 B = Non-spawn XP
 C = Spawn XP percentage of total XP
 D = Spawn monster count
 E = Non-spawn monster count
 F = Spawn count percentage of total count
 G = Total turns spent on level
                    A         B        C        D         E        F      G
               +---------+---------+-------+---------+---------+-------+---------
         Total |       0 |    8954 |   0.0 |       0 |     203 |   0.0 |  6985
               +---------+---------+-------+---------+---------+-------+---------
           D:1 |       0 |      32 |   0.0 |       0 |      23 |   0.0 |   539
           D:2 |       0 |      95 |   0.0 |       0 |      24 |   0.0 |   683
           D:3 |       0 |      13 |   0.0 |       0 |       6 |   0.0 |   365
           D:4 |       0 |     309 |   0.0 |       0 |      16 |   0.0 |   610
           D:5 |       0 |     490 |   0.0 |       0 |      14 |   0.0 |   413
           D:6 |       0 |     817 |   0.0 |       0 |      22 |   0.0 |   911
           D:7 |       0 |     584 |   0.0 |       0 |      13 |   0.0 |   923
           D:8 |       0 |    2288 |   0.0 |       0 |      16 |   0.0 |   992
           D:9 |       0 |    2394 |   0.0 |       0 |      50 |   0.0 |  1065
          D:10 |       0 |     102 |   0.0 |       0 |       4 |   0.0 |   119
          D:11 |       0 |    1691 |   0.0 |       0 |       9 |   0.0 |   255
         Sewer |       0 |     139 |   0.0 |       0 |       6 |   0.0 |   110
               +---------+---------+-------+---------+---------+-------+---------
